 Dungeon Crawl Stone Soup version 0.32-a0-913-g739538afd8 (console) character file.

Game seed: 8496183673392528080

12 petzl the Sneak (level 2, 0/24 HPs)
             Began as a Formicid Delver on Apr 8, 2024.
             Was an Initiate of Vehumet.
             Succumbed to an adder's poison
             ... on level 3 of the Dungeon.
             The game lasted 00:07:19 (996 turns).

petzl the Sneak (Formicid Delver)                    Turns: 996, Time: 00:07:20

Health: 0/24       AC:  5    Str: 11 (13) XL:     2   Next: 45%
Magic:  3/3        EV: 10    Int:  5 (8)  God:    Vehumet [......]
Gold:   39         SH:  0    Dex: 16 (19) Spells: 3/3 levels left

rFire   . . .        a - +0 flail
rCold   . . .        (no shield)
rNeg    . . .        j - +0 leather armour
rPois   .            (helmet unavailable)
rElec   .            (no cloak)
rCorr   .            (no gloves)
SInv    +            (no boots)
Will    .....        (no amulet)
Stlth   +++          (no ring)
HPRegen 0.24/turn    (no ring)
MPRegen 0.08/turn

%: no passive effects
@: lethally poisoned (0 -> -6)
A: permanent stasis, dig shafts and tunnels, antennae 3, four strong arms,
iridescent scales 1, agile 1, weak 1
a: Dig, Shaft Self, Renounce Religion


You were on level 3 of the Dungeon.
You worshipped Vehumet.
Vehumet was noncommittal.
You visited 1 branch of the dungeon, and saw 6 of its levels.

You collected 65 gold pieces.
You spent 26 gold pieces at shops.

Inventory:

Hand Weapons
 a - a +0 flail (weapon)
 b - a +0 sling
 m - a +0 mace
Armour
 e - the +1 ring mail of Defence {^Contam Harm Fly MP+9}
   (You found it on level 2 of the Dungeon)

   MP+9:      It affects your magic capacity (+9).
   Fly:       It grants you flight.
   ^Contam:   It causes magical contamination when unequipped.
   Harm:      It increases damage dealt and taken.
 j - a +0 leather armour (worn)
Wands
 f - a wand of digging (9)
 n - a wand of iceblast (7)
Scrolls
 c - a scroll of fog
 d - 2 scrolls of revelation
 g - a scroll of blinking {unknown}
 i - a scroll of identify {unknown}
 l - a scroll of brand weapon {unknown}


   Skills:
 - Level 3.2 Fighting
 - Level 2.0 Maces & Flails
 + Level 1.2 Ranged Weapons
 - Level 1.7 Dodging
 - Level 6.0 Stealth
 + Level 1.2 Spellcasting


You had 3 spell levels left.
You didn't know any spells.
Your spell library was empty.

Dungeon Overview and Level Annotations

Branches:
Dungeon (7/15)
 Temple: D:4-7

Altars:
Uskayaw
Vehumet

Shops:
D:4 ?!=*

Annotations:
D:5 exclusion: hound


Innate Abilities, Weirdness & Mutations

You cannot be hasted, slowed, berserked, paralysed or teleported.
You can dig through walls and to a lower floor.
You have a pair of large antennae on your head. (SInv)
Your four strong arms can wield two-handed weapons with a shield.
You are partially covered in iridescent scales. (AC +2)
You are agile. (Dex +4, Str/Int -1)
You are weak. (Str -2)


Message History

It was a potion of mutation.
You feel extremely strange.
Iridescent scales grow over part of your body.
Your regeneration stops near monsters.
You feel clumsy.
You feel sick. The adder bites you but does no damage.
Unknown command.
Unknown command.
Are you sure you want to shaft yourself?
You feel sick. The adder closely misses you.
You begin to dig a shaft.
You continue digging a shaft.
* * * LOW HITPOINT WARNING * * *
You feel sick. The adder bites you.
* * * LOW HITPOINT WARNING * * *
You are lethally poisoned!
The adder poisons you! A shaft appears beneath you!
You fall into a shaft and drop 1 floor!
The shaft crumbles and collapses.
* * * LOW HITPOINT WARNING * * *
You feel sick.
Found 14 gold pieces and a scroll labelled IBYKAIMEUSCH.
Found a stone staircase leading down.
Unknown command.
Unknown command.
It was a potion of degeneration.
There was something very wrong with that liquid.
You feel weakened.
You feel dopey.
You feel clumsy.
* * * LOW HITPOINT WARNING * * *
You feel very sick.
Really quaff the potion of mutation?
You feel extremely strange.
You feel agile.
You begin to regenerate regardless of the presence of monsters.
You feel weaker.
You feel agile.
* * * LOW HITPOINT WARNING * * *
You feel sick.
Unknown command.
Unknown command.
Unknown command.
Unknown command.
You die...

... .?. ....
.$. {.> ....
.... .. ....
$....#.###..#
.....#......#
..........#
##.##.....#
.......@..#
.#........#
#####.......
#.####### #.
#. .. ..


There were no monsters in sight!

Vanquished Creatures
  A dart slug (D:4)
  An orc (D:4)
  2 giant cockroaches
  A goblin (D:4)
  2 hobgoblins (D:4)
  A bat (D:2)
8 creatures vanquished.

Notes
Turn   | Place    | Note
-------+----------+-------------------------------------------
     0 | D:5      | petzl the Formicid Delver began the quest for the Orb.
     0 | D:5      | Reached XP level 1. HP: 18/18 MP: 1/1
   100 | D:5      | Noticed a hound
   117 | D:4      | Found Zuosidat's Assorted Antiques.
   117 | D:4      | Found Kompenoi's Jewellery Shop.
   117 | D:4      | Found Jygygan's Distillery.
   119 | D:4      | Bought a scroll labelled IBYKAIMEUSCH for 26 gold pieces
   126 | D:5      | Noticed an ogre
   126 | D:5      | Noticed a wyvern
   191 | D:3      | Noticed an orc priest
   219 | D:3      | You fall into a shaft and drop 1 floor!
   318 | D:4      | Noticed a phantom
   496 | D:5      | Noticed a phantom
   608 | D:4      | Reached XP level 2. HP: 24/24 MP: 3/3
   695 | D:4      | Found Koteat's Magic Scroll Shop.
   744 | D:4      | Reached skill level 1 in Ranged Weapons
   744 | D:4      | Reached skill level 1 in Spellcasting
   773 | D:4      | Found a radiant altar of Vehumet.
   781 | D:4      | Became a worshipper of Vehumet
   884 | D:4      | Found a hide-covered altar of Uskayaw.
   954 | D:2      | Identified the +1 ring mail of Defence {^Contam Harm Fly
                  | MP+9}
   990 | D:2      | Gained mutation: You are partially covered in iridescent
                  | scales. (AC +2) [potion of mutation]
   990 | D:2      | Gained mutation: You do not regenerate when monsters are
                  | visible. [potion of mutation]
   990 | D:2      | Gained mutation: You are clumsy. (Dex -2) [potion of
                  | mutation]
   993 | D:2      | You fall into a shaft and drop 1 floor!
   995 | D:3      | Lost mutation: You are clumsy. (Dex -2) [potion of
                  | mutation]
   995 | D:3      | Lost mutation: You do not regenerate when monsters are
                  | visible. [potion of mutation]
   995 | D:3      | Gained mutation: You are weak. (Str -2) [potion of
                  | mutation]
   995 | D:3      | Gained mutation: You are agile. (Dex +4, Str/Int -1)
                  | [potion of mutation]
   995 | D:3      | HP: 1/24 [poisoned by an adder]
   996 | D:3      | Succumbed to an adder's poison

Illustrated notes

Levels and vault maps discovered:
D:2:      layout_rooms, uniq_robin
D:3:      minmay_general_purpose_star, layout_basic, serial_shops,
          nicolae_shop_trees, kennysheep_crisscross, uniq_natasha
D:4:      layout_loops_corners, mainiacjoe_overflow_alcove_1,
          lemuel_crystal_altar, serial_shops, nicolae_inconvenience_store,
          minmay_misc_feat_x, nicolae_shop_distant_corner_stores
D:5:      layout_basic, minmay_misc_feat_rugged, corexii_checkpoint,
          dreamdust_mushroom_princess, minivault_14, uniq_grinder
D:6:      layout_loops_corners, minivault_25, uniq_jeremiah, uniq_edmund
D:7:      minmay_the_grid_triangle_9x9_rhombus_thin
          [minmay_the_grid_triangle_9x9_corrupted_corridor,
          minmay_the_grid_triangle_9x9_prize_insulated,
          minmay_the_grid_triangle_9x9_windchime,
          minmay_the_grid_triangle_9x9_thin_v], layout_loops_ring,
          minmay_temple_entry_stoned_glass, uniq_maurice

Skill      XL: |  1  2 |
---------------+-------+-----
Ranged Weapons | 1 |  1.2
Spellcasting   | 1 |  1.2
Fighting       | |  3.2
Maces & Flails | |  2.0
Dodging        | |  1.7
Stealth        | |  6.0

Action                     || total
---------------------------++-------
  Melee: Flail             ||    11
   Fire: Sling             ||    28
Ability: Shaft Self        ||     2
    Use: Potion            ||     3
         Scroll            ||     1
 Armour: Leather armour    ||    29
  Dodge: Dodged            ||    30

Table legend: (Time is in decaauts)
 A = Elapsed time spent in this place.
 B = Non-inter-level travel time spent in this place.
 C = Inter-level travel time spent in this place.
 D = Time resting spent in this place.
 E = Time spent auto-exploring this place.
 F = Levels seen in this place.
 G = Mean time per level.
                   A        B        C        D        E       F      G
               +--------+--------+--------+--------+--------+-----+--------+
         Total |   1006 |    963 |     43 |     93 |    303 |   6 |  167.7 |
       Dungeon |   1006 |    963 |     43 |     93 |    303 |   6 |  167.7 |
               +--------+--------+--------+--------+--------+-----+--------+

Top non-repeatable levels by time:
     D:4: 652 daAuts
     D:5: 179 daAuts
     D:2: 83 daAuts
     D:3: 48 daAuts
     D:6: 26 daAuts
     D:7: 15 daAuts
